 Dungeon Crawl Stone Soup version 0.31.0-9-g3a7656b989 (webtiles) character file.

Game seed: 1465790561386172207

68 qw the Shooter (level 3, 0/29 HPs)
             Began as a Demigod Hunter on Feb 2, 2024.
             Slain by a gnoll
             ... wielding a +0 halberd
              (3 damage)
             ... on level 2 of the Dungeon.
             The game lasted 00:00:07 (1615 turns).

qw the Shooter (Demigod Hunter)                     Turns: 1615, Time: 00:00:08

Health: 0/29       AC:  3    Str: 12    XL:     3   Next: 73%
Magic:  5/5        EV: 12    Int: 11    God:
Gold:   101        SH:  0    Dex: 21    Spells: 2/2 levels left

rFire   . . .        a - +0 shortbow
rCold   . . .        (shield currently unavailable)
rNeg    . . .        g - +0 leather armour {Will+}
rPois   .            (no helmet)
rElec   .            (no cloak)
rCorr   .            (no gloves)
SInv    .            (no boots)
Will    +....        (no amulet)
Stlth   ++           (no ring)
HPRegen 0.24/turn    (no ring)
MPRegen 0.09/turn

%: no passive effects
@: no status effects
A: high MP 1, forlorn, divine attributes
a: no special abilities


You were on level 2 of the Dungeon.
You visited 1 branch of the dungeon, and saw 2 of its levels.

You collected 101 gold pieces.


Innate Abilities, Weirdness & Mutations

You have an increased reservoir of magic. (+10% MP)
You shall have no god before yourself.
Your divine heritage dramatically boosts your attributes as you level up.


   Skills:
 - Level 2.0 Fighting
 + Level 4.9 Ranged Weapons
 - Level 2.0 Dodging
 - Level 0.8 Stealth


You had 2 spell levels left.
You didn't know any spells.
Your spell library was empty.

Inventory:

Hand Weapons
 a - a +0 shortbow (weapon)
Armour
 c - a +2 hat
 g - a +0 leather armour of willpower (worn)
Scrolls
 b - a scroll of blinking {unknown}
 e - a scroll of summoning {unknown}
 f - a scroll of vulnerability {unknown}
 h - a scroll of poison {unknown}
 j - a scroll of immolation {unknown}
Potions
 d - a potion of haste
 i - 2 potions of cancellation {unknown}

Dungeon Overview and Level Annotations

Branches:
Dungeon (2/15)

Shops:
D:1 :


Message History

The gnoll hits you but does no damage.
A gnoll comes into view. It is wielding a +0 halberd.
You shoot an arrow.
The arrow hits the gnoll but does no damage.
The gnoll hits you from afar with a +0 spear!
You shoot an arrow. The arrow hits the gnoll.
The gnoll is moderately wounded.
The gnoll barely misses you.
The gnoll throws a throwing net.
The throwing net hits you.
You become entangled in the net!
You tear a large gash into the net.
The gnoll hits you from afar with a +0 spear.
You shred the net and break free!
The gnoll hits you from afar with a +0 spear.
You shoot an arrow. The arrow hits the gnoll.
The gnoll is severely wounded.
The gnoll closely misses you.
You shoot an arrow. The arrow closely misses the gnoll.
The gnoll hits you from afar with a +0 spear.
You shoot an arrow. The arrow barely misses the gnoll.
The gnoll hits you from afar with a +0 spear.
You shoot an arrow. The arrow hits the gnoll.
The gnoll is almost dead.
The gnoll hits you from afar with a +0 spear.
You shoot an arrow. The arrow closely misses the gnoll.
The gnoll barely misses you.
You shoot an arrow. The arrow hits the gnoll!
You kill the gnoll!
The gnoll hits you from afar with a +0 halberd.
You shoot an arrow. The arrow closely misses the gnoll.
The gnoll barely misses you.
You shoot an arrow. The arrow hits the gnoll.
The gnoll is lightly wounded.
The gnoll barely misses you.
You shoot an arrow. The arrow hits the gnoll!
The gnoll is severely wounded.
The gnoll hits you from afar with a +0 halberd.
You shoot an arrow. The arrow barely misses the gnoll.
The gnoll barely misses you.
The gnoll hits you from afar with a +0 halberd.
You die... ........##### #..##.####.# #...........# #..##.# #.# .<......###.# ##..##.# #.# .7.77..#P77¤###....777 ..777PP.7.¤¤...77.77 P7....7777¤7777.7.# #PP

77.77.7P7.(777P.7##.##.7.
7.P..7..7....7..#'g?.+#..
.777P.777P.7....@## #7.##
7...8P..77..7.7.7.## 7...7
.........P..7..77...7.7..#######
7.8.}.8...7P.7P...P7.77........#
.P......7.PPP..77.7..7....####.#
7.7P8.P.77.P777.7.7.7......# #.#
77.77P7.7..7P7..7.7.77¤7.¤.# #.#
P....7..7PP..7....7.¤¤¤PP¤.# #.#
.777..777..7.....7..7P7¤¤7## #.#


You could see a gnoll.

Vanquished Creatures
  A gnoll (D:2)
  3 ribbon worms (D:2)
  A dart slug (D:2)
  3 endoplasms
  A giant cockroach (D:2)
  5 goblins
  5 hobgoblins
  A jackal (D:2)
  6 quokkas
  5 ball pythons
  7 bats
  A frilled lizard (D:2)
  5 kobolds (D:2)
  A rat (D:1)
45 creatures vanquished.

Notes
Turn   | Place    | Note
-------+----------+-------------------------------------------
     0 | D:1      | qw the Demigod Hunter began the quest for the Orb.
     0 | D:1      | Reached XP level 1. HP: 17/17 MP: 3/3
     0 | D:1      | 0 ||| qw: Version: 0.3-a-155-g5e7d8dd
     0 | D:1      | 0 ||| qw: Game counter: 233
     0 | D:1      | 0 ||| qw: Melee chars always use a shield: true
     0 | D:1      | 0 ||| qw: God list: Okawaru
     0 | D:1      | 0 ||| qw: Allow faded altars: false
     0 | D:1      | 0 ||| qw: Do Orc after clearing Dungeon:15 true
     0 | D:1      | 0 ||| qw: Do second Lair branch before Depths: true
     0 | D:1      | 0 ||| qw: Lair rune preference: random
     0 | D:1      | 0 ||| qw: Goals: Normal
     0 | D:1      | 0 ||| PLANNING D:1-11
   178 | D:1      | Found Siffirir's Book Boutique.
   324 | D:1      | Reached skill level 4 in Ranged Weapons
   452 | D:1      | Reached XP level 2. HP: 24/24 MP: 4/4
   566 | D:1      | 566 ||| UPGRADING to +0 leather armour of willpower.
   576 | D:1      | 576 ||| DROPPING +0 leather armour.
   577 | D:1      | 577 ||| READING 2 scrolls labelled TEDIER XANUTONT.
   577 | D:1      | 577 ||| IDENTIFYING sedimented brown potion
   578 | D:1      | 578 ||| READING scroll of identify.
   578 | D:1      | 578 ||| IDENTIFYING ruby potion
   579 | D:1      | 579 ||| READING scroll labelled JELAJ PIPNETI.
   582 | D:1      | 582 ||| READING scroll labelled BOETOUFFAO.
   583 | D:1      | 583 ||| DROPPING scroll of butterflies.
   584 | D:1      | 584 ||| DROPPING potion of invisibility.
   623 | D:2      | 623 ||| STAIRDANCE
   649 | D:2      | 649 ||| STAIRDANCE
  1038 | D:2      | HP: 5/24 [hobgoblin (2)]
  1039 | D:2      | 1039 ||| READING scroll of teleportation.
  1040 | D:2      | HP: 1/24 [hobgoblin (3)]
  1044 | D:2      | Reached XP level 3. HP: 2/29 MP: 5/5
  1611 | D:2      | HP: 4/29 [gnoll/+0 halberd (5)]
  1615 | D:2      | Slain by a gnoll

Levels and vault maps discovered:
D:1:      lemuel_arrival_muddy, layout_rooms, serial_shops, shop
D:2:      wad_woods_tower, layout_loops_ring, serial_bayou,
          serial_bayou_lagoon_a, serial_bayou_pond_e, serial_bayou_pond_b,
          serial_bayou_crossing, serial_bayou_lake_a, minmay_heptomino_w4

Skill      XL: |  1  2  3 |
---------------+----------+-----
Ranged Weapons | 4 |  4.9
Fighting       | 2 |  2.0
Dodging        | 2 |  2.0
Stealth        | |  0.8

Action                     || total
---------------------------++-------
   Fire: Shortbow          ||   164
    Use: Scroll            ||     5
 Armour: Leather armour    ||    65
  Dodge: Dodged            ||    77

Table legend:
 A = Non-vault XP
 B = Vault XP
 C = Vault XP percentage of total XP
 D = Non-vault monster count
 E = Vault monster count
 F = Vault count percentage of total count
                 A         B        C        D         E       F
            +---------+---------+-------+---------+---------+-------
      Total |      56 |      42 |  42.9 |      31 |      14 |  31.1
            +---------+---------+-------+---------+---------+-------
        D:1 |      18 |       2 |  10.0 |      12 |       1 |   7.7
        D:2 |      38 |      40 |  51.3 |      19 |      13 |  40.6
            +---------+---------+-------+---------+---------+-------
